 Dungeon Crawl Stone Soup version 0.32-a0-898-g7811c86cf0 (webtiles) character file.

Game seed: 18142924065995799626

128 Lanoc the Shooter (level 5, -16/41 HPs)
             Began as a Coglin Hunter on Apr 4, 2024.
             Engulfed by a cloud of flame (18 damage)
             ... on level 2 of the Dungeon.
             The game lasted 00:02:34 (1536 turns).

Lanoc the Shooter (Coglin Hunter)                   Turns: 1536, Time: 00:02:35

Health: -16/41     AC:  3    Str: 12    XL:     5   Next: 12%
Magic:  5/5        EV: 11    Int:  8    God:
Gold:   38         SH:  0    Dex: 19    Spells: 4/4 levels left

rFire   . . .        a - +2 sling {Ilse}
rCold   . . .        d - +0 sling {Saranna}
rNeg    . . .        c - +0 leather armour
rPois   .            (no helmet)
rElec   .            (no cloak)
rCorr   .            (no gloves)
SInv    .            (no boots)
Will    .....        (amulet unavailable)
Stlth   ++           (ring unavailable)
HPRegen 0.26/turn    (ring unavailable)
MPRegen 0.09/turn    (no gizmo)

%: no passive effects
@: invisible
A: off-hand wielding, slow wielding, warmup strikes, no jewellery
a: Invent Gizmo


You were on level 2 of the Dungeon.
You visited 1 branch of the dungeon, and saw 3 of its levels.

You collected 38 gold pieces.

Inventory:

Hand Weapons
 a - a +2 sling (weapon) {Ilse}
 d - a +0 sling (offhand) {Saranna}
Armour
 c - a +0 leather armour (worn)
Scrolls
 b - a scroll of butterflies
 e - 2 scrolls of torment {unknown}
 g - a scroll of enchant armour {unknown}
 j - a scroll of identify {unknown}
 k - a scroll of enchant weapon {unknown}
 n - a scroll of teleportation {unknown}
 o - a scroll of fear {unknown}
Potions
 h - a potion of attraction {unknown}
 i - a potion of brilliance {unknown}
 l - a potion of cancellation {unknown}
 m - a potion of curing {unknown}


   Skills:
 + Level 3.0 Fighting
 * Level 4.8 Ranged Weapons
 + Level 2.7 Dodging
 - Level 0.7 Stealth


You had 4 spell levels left.
You didn't know any spells.
Your spell library contained the following spells:

 Spells                   Type           Power      Damage    Failure   Level
 Summon Ice Beast         Ice/Summ       0%         N/A       86%         3
 Summon Mana Viper        Hex/Summ       0%         N/A       100%        5
 Monstrous Menagerie      Summ           0%         N/A       100%        7


Dungeon Overview and Level Annotations

Branches:
Dungeon (3/15)

Altars:
Uskayaw


Innate Abilities, Weirdness & Mutations

You can wield a second weapon in your off-hand.
It takes a long time for you to wield or remove held weapons.
Your first few attacks do less damage.
You cannot equip rings or amulets.


Message History

The sling bullet barely misses the adder.
You shoot a sling bullet.
The sling bullet barely misses the adder.
The adder bites you. The adder closely misses you.
You shoot a sling bullet. The sling bullet hits the adder.
The adder is almost dead.
You shoot a sling bullet.
The sling bullet barely misses the adder.
The adder bites you.
You shoot a sling bullet.
The sling bullet barely misses the adder.
You shoot a sling bullet.
The sling bullet completely misses the adder.
The adder closely misses you. The adder bites you.
You are poisoned.
The adder poisons you!
You shoot a sling bullet. The sling bullet hits the adder.
The adder is almost dead.
You shoot a sling bullet. The sling bullet hits the adder.
You kill the adder!
You feel sick.
No target in view!
You feel sick.
You climb upwards.
You feel sick.
There is a stone staircase leading down here.
Search for what [? for help]? scro Sorry, I don't know how to get there.
Search for what [Enter for "scro", or ? for help]?
Search for what [Enter for "scro", or ? for help]?
You feel sick.
You feel sick.
You are no longer poisoned.
HP restored.
You are engulfed in blazing flames.
You are engulfed in blazing flames.
Ouch! That really hurt!
* * * LOW HITPOINT WARNING * * *
It was a potion of invisibility.
You fade into invisibility!
You die...

#.## #§○○# #.# #§§.#
#.######...#####
########...☼§§...?.§§☼.##
.......)...○°§.??..§☼§..##
####.#####.§§).[?..°§§...#
#.###..#####...######.# #....[.#
#☼§§# #..# ###....# #○@§# ##.#
#....# #§○☼# #.# #####
######....#####...######.####....
.........÷.......................
######...#.#########.###.####..ß.
.# #####.#...# #.# #.# #....
.#########.#.#.#####.# #.####....
...........#.#.#...#.# #........%
.###########.#.#.#.#.# ##########


There were no monsters in sight!

Vanquished Creatures
  A hound zombie (D:2)
  4 gnolls (D:2)
  3 adders
  A dart slug (D:2)
  A ribbon worm (D:2)
  A bat skeleton (D:2)
  A bat zombie (D:2)
  3 endoplasms
  7 giant cockroaches
  3 goblins
  3 hobgoblins (D:1)
  4 kobolds
  3 quokkas
  3 ball pythons
  A ball python skeleton (D:2)
  3 bats
  A frilled lizard (D:1)
  A giant cockroach zombie (D:2)
  A rat (D:1)
45 creatures vanquished.

Notes
Turn   | Place    | Note
-------+----------+-------------------------------------------
     0 | D:1      | Lanoc the Coglin Hunter began the quest for the Orb.
     0 | D:1      | Reached XP level 1. HP: 16/16 MP: 1/1
    53 | D:1      | Reached XP level 2. HP: 22/22 MP: 2/2
   368 | D:1      | Reached skill level 4 in Ranged Weapons
   453 | D:1      | Reached XP level 3. HP: 28/28 MP: 3/3
   722 | D:2      | Reached XP level 4. HP: 5/34 MP: 4/4
  1217 | D:2      | Found a hide-covered altar of Uskayaw.
  1255 | D:2      | Reached XP level 5. HP: 41/41 MP: 5/5
  1535 | D:2      | HP: 2/41 [something (29)]
  1536 | D:2      | Engulfed by a cloud of flame

Illustrated notes

Levels and vault maps discovered:
D:1:      lordsloth_arrival_two_stooges, layout_basic
D:2:      layout_basic, basic_altar, serial_undead, serial_undead_b,
          serial_undead_f, serial_undead_d, serial_undead_f, lemuel_flame_loot_1
D:3:      minmay_skewed_foursquare, layout_loops_cross, serial_park_tiny_2,
          nrook_campfire

Skill      XL: |  1  2  3  4 |
---------------+-------------+-----
Dodging        | 2 |  2.7
Ranged Weapons | 4 |  4.8
Fighting       | 3 |  3.0
Stealth        | |  0.7

Action                     |  1- 3 |  4- 6 || total
---------------------------+-------+-------++-------
   Fire: Sling             |   104 |   100 ||   204
    Use: Potion            |       |     1 ||     1
 Armour: Leather armour    |     7 |    15 ||    22
  Dodge: Dodged            |     5 |    11 ||    16

Table legend: (Time is in decaauts)
 A = Elapsed time spent in this place.
 B = Non-inter-level travel time spent in this place.
 C = Inter-level travel time spent in this place.
 D = Time resting spent in this place.
 E = Time spent auto-exploring this place.
 F = Levels seen in this place.
 G = Mean time per level.
                   A        B        C        D        E       F      G
               +--------+--------+--------+--------+--------+-----+--------+
         Total |   1560 |   1490 |     70 |     79 |   1163 |   3 |  520.0 |
       Dungeon |   1560 |   1490 |     70 |     79 |   1163 |   3 |  520.0 |
               +--------+--------+--------+--------+--------+-----+--------+

Top non-repeatable levels by time:
     D:2: 917 daAuts
     D:1: 634 daAuts
     D:3: 7 daAuts
